 Dungeon Crawl Stone Soup version 0.27.1-34-g3ba077fa99 (webtiles) character file.

Game seed: 15903798788392752114

187 mtoz the Magician (level 5, -1/30 HPs)
             Began as a Deep Elf Fire Elementalist on Jan 3, 2022.
             Slain by an iguana (2 damage)
             ... on level 4 of the Dungeon.
             The game lasted 00:33:11 (3893 turns).

mtoz the Magician (Deep Elf Fire Elementalist)      Turns: 3893, Time: 00:33:11

Health: -1/30      AC:  5    Str:  5    XL:     5   Next: 39%
Magic:  18/22      EV: 12    Int: 21    God:
Gold:   105        SH:  0    Dex: 10    Spells: 11/12 levels left

rFire    + + .     SeeInvis .   (no weapon)
rCold    + . .     Faith    .   (no shield)
rNeg     . . .     Spirit   .   a - +0 robe
rPois    .         Reflect  .   (no helmet)
rElec    .         Harm     .   l - scarf {rC+ rF+}
rCorr    .         Rampage  .   (no gloves)
Will     ++...                  c - +2 pair of boots of Hedge Wizardry {rF+ Will++ MP+9 Dex-5}
Stlth    ++........             (no amulet)
HPRegen  0.10/turn              (no ring)
MPRegen  0.18/turn              (no ring)

@: flying, hasted, very quick
A: robust 1
a: no special abilities


You were on level 4 of the Dungeon.
You visited 1 branch of the dungeon, and saw 4 of its levels.

You collected 105 gold pieces.

Inventory:

Hand Weapons
 b - a +0 short sword
 d - a +0 hunting sling
 j - a +0 short sword
 k - a +0 dagger
 r - a +1 short sword of flaming
Missiles
 i - 46 arrows
Armour
 a - a +0 robe (worn)
 c - the +2 pair of boots of Hedge Wizardry (worn) {rF+ Will++ MP+9 Dex-5}
   (You acquired it on level 3 of the Dungeon)

   Dex:       It affects your dexterity (-5).
   rF:        It protects you from fire.
   MP:        It affects your magic capacity (+9).
   Will:      It greatly increases your willpower.
 h - a +0 ring mail
 l - a scarf of resistance (worn)
 s - a +0 leather armour
Scrolls
 e - a scroll of silence
 p - a scroll of immolation
 q - a scroll of torment
 u - a scroll of magic mapping {unknown}
Potions
 m - a potion of curing {unknown}
 n - a potion of degeneration {unknown}
 o - a potion of heal wounds {unknown}
 t - a potion of flight


   Skills:
 + Level 3.7 Dodging
 + Level 4.0 Stealth
 + Level 4.2 Spellcasting
 + Level 2.7 Conjurations
 + Level 4.1 Fire Magic


You had 11 spell levels left.
You knew the following spells:

 Your Spells              Type           Power      Damage    Failure   Level
a - Foxfire               Conj/Fire      72%        2x1d7     2%          1

Your spell library contained the following spells:

 Spells                   Type           Power      Damage    Failure   Level
 Conjure Flame            Conj/Fire      18%        6-21      9%          3
 Inner Flame              Hex/Fire       13%        N/A       16%         3
 Corpse Rot               Necr/Air       N/A        N/A       19%         2
 Poisonous Vapours        Pois/Air       8%         N/A       19%         2
 Sublimation of Blood     Necr           2%         N/A       19%         2
 Sticky Flame             Conj/Fire      18%        2d4       28%         4
 Fireball                 Conj/Fire      9%         3d6       61%         5
 Petrify                  Tmut/Erth      4%         N/A       75%         4
 Irradiate                Conj/Tmut      5%         3d15      88%         5
 Freezing Cloud           Conj/Ice/Air   4%         6-21      92%         5


Dungeon Overview and Level Annotations

Branches:
Dungeon (4/15)
 Temple: D:4-7

Altars:
Yredelemnul

Shops:
D:2 (   D:3 ?

Annotations:
D:3 Grinder


Innate Abilities, Weirdness & Mutations

You are robust. (+10% HP)


Message History

* * * LOW HITPOINT WARNING * * *
The foxfire hits the iguana!
The iguana is heavily wounded.
The foxfire hits the iguana but does no damage.
The iguana is heavily wounded.
You feel yourself speed up. The iguana barely misses you.
Okay, then.
Okay, then.
Sorry, you're not good enough to have a special ability.
Unknown command.
Casting: Foxfire (safe; 2% risk of failure)
Confirm with . or Enter, or press ? or * to list all spells.
You conjure some foxfire!
Your magical contamination has completely faded away.
Casting: Foxfire (safe; 2% risk of failure)
Confirm with . or Enter, or press ? or * to list all spells.
You conjure some foxfire!
The foxfire hits the iguana but does no damage.
The iguana is heavily wounded.
The foxfire hits the iguana but does no damage.
The iguana is heavily wounded.
The foxfire hits the iguana but does no damage.
The iguana is heavily wounded.
The foxfire hits the iguana.
The iguana is heavily wounded.
It was a potion of flight.
You feel very buoyant.
You fly up into the air.
Casting: Foxfire (safe; 2% risk of failure)
Confirm with . or Enter, or press ? or * to list all spells.
You conjure some foxfire!
The iguana bites you.
* * * LOW HITPOINT WARNING * * *
It was a potion of mutation.
You feel extremely strange.
You feel robust.
The foxfire hits the iguana.
The iguana is almost dead.
The foxfire hits the iguana.
The iguana is almost dead.
The iguana bites you.
You die...

###########
#....)[...#
#.........#
#.........#
#(........#
#@l.......#
#.........#
#.........#
#........?###..
######.<.......
#.............
#.....$........
...............
......<........


You could see an iguana.

Vanquished Creatures
  An ogre (D:3)
  3 adders
  3 worms
  4 dart slugs
  An orc (D:3)
  3 bats
  3 endoplasms
  3 goblins
  A hobgoblin (D:1)
  3 jackals (D:1)
  5 quokkas
  3 ball pythons
  2 frilled lizards (D:3)
  5 kobolds
  21 rats
61 creatures vanquished.

Vanquished Creatures (others)
  170 foxfires
170 creatures vanquished.

Grand Total: 231 creatures vanquished

Notes
Turn   | Place    | Note
-------+----------+-------------------------------------------
     0 | D:1      | mtoz the Deep Elf Fire Elementalist began the quest for the
                  | Orb.
     0 | D:1      | Reached XP level 1. HP: 10/10 MP: 6/6
   298 | D:1      | Reached XP level 2. HP: 15/15 MP: 5/8
   772 | D:1      | Found a faded altar of an unknown god.
   873 | D:1      | You fall into a shaft and drop 1 floor!
   925 | D:2      | Found Heakyzomu's Weapon Boutique.
  1859 | D:2      | Reached XP level 3. HP: 13/19 MP: 5/9
  2708 | D:2      | Reached XP level 4. HP: 24/24 MP: 7/11
  2980 | D:3      | Noticed Grinder
  3134 | D:3      | Found a basalt altar of Yredelemnul.
  3172 | D:3      | Noticed an ogre
  3242 | D:3      | Identified a scroll of acquirement
  3244 | D:3      | Acquired the +2 pair of boots of Hedge Wizardry {rF+ Will++
                  | MP+9 Dex-5}
  3345 | D:3      | Found Gorchah's Magic Scroll Emporium.
  3634 | D:3      | Killed an ogre
  3635 | D:3      | Reached XP level 5. HP: 17/28 MP: 13/13
  3848 | D:3      | You fall into a shaft and drop 1 floor!
  3892 | D:4      | HP: 1/28 [iguana (6)]
  3893 | D:4      | Gained mutation: You are robust. (+10% HP) [potion of
                  | mutation]
  3893 | D:4      | Slain by an iguana

Illustrated notes

Levels and vault maps discovered:
D:1:      dpeg_arrival_stonehenge_8_columns, layout_basic,
          shapermc_ecumenical_altar_acropolis, serial_co_window_serial,
          co_window_paths_b, co_window_corner_a, co_window_paths_a,
          co_window_paths_a, co_window_corner_a, co_window_paths_b,
          co_window_corner_b, co_window_cross_2, co_window_2corner,
          co_window_paths_e, glass_columns_b
D:2:      layout_loops_ring, serial_shops, shop, minmay_rat_hole
D:3:      layout_basic, nicolae_overflow_hidden_temple, serial_shops,
          nicolae_shop_trees, minmay_pentomino_pile, uniq_grinder
D:4:      corexii_shantytown, layout_rooms, uniq_menkaure, uniq_duvessa

Skill      XL: |  1  2  3  4 |
---------------+-------------+-----
Stealth        | 3 4 |  4.0
Dodging        | 3 |  3.7
Conjurations   | 2 |  2.7
Spellcasting   | 4 |  4.2
Fire Magic     | 4 |  4.1

Action                   |  1- 3 |  4- 6 || total
-------------------------+-------+-------++-------
 Cast: Foxfire           |    72 |    45 ||   117
  Use: Scroll            |       |     6 ||     6
       Potion            |       |     3 ||     3
Armor: Robe              |     4 |       ||     4
Dodge: Dodged            |    16 |    26 ||    42
